 Dungeon Crawl Stone Soup version 0.26.0-41-g79a4fc7684 (webtiles) character file.

Game seed: 4607486467512682194

204233 dolemite99 the Tortoise (level 17, -1/163 HPs)
             Began as a Minotaur Chaos Knight on Jan 26, 2021.
             Was a Plaything of Xom.
             Shot with a sling bullet by a faun (2 damage)
             ... led by a satyr
             ... on level 2 of the Shoals.
             The game lasted 01:11:28 (42678 turns).

dolemite99 the Tortoise (Minotaur Chaos Knight)    Turns: 42678, Time: 01:11:28

Health: -1/163     AC: 27    Str: 24    XL:     17   Next: 50%
Magic:  0/16       EV:  6    Int: 12    God:    Xom [*.....]
Gold:   471        SH:  0    Dex: 15    Spells: 16/16 levels left

rFire    + + .     SeeInvis .   a - +6 battleaxe
rCold    + . .     Faith    .   (shield currently unavailable)
rNeg     . . .     Spirit   +   j - +0 plate armour {Will+}
rPois    +         Reflect  .   H - +2 hat {Int+3}
rElec    +         Harm     .   A - +2 cloak {rPois}
rCorr    +         Rampage  .   Q - +0 pair of gloves {Dex+3}
Will     ++...                  w - +1 pair of boots
Stlth    ..........             Z - amulet of guardian spirit
HPRegen  0.00/turn              i - +4 ring of slaying {=R}
MPRegen  0.15/turn              o - ring of the Death Scarab {rF+ Str+2 Slay+4}

@: resistant, held, non-regenerating, mildly diseased
A: retaliatory headbutt, hooves 1, horns 2, iridescent scales 1, deformed body,
deterioration 1, shaggy fur 1, wild magic 1
}: 2/15 runes: abyssal, gossamer
a: Renounce Religion


You were on level 2 of the Shoals.
You worshipped Xom.
You were a special plaything of Xom.
You visited 5 branches of the dungeon, and saw 29 of its levels.
You visited the Abyss 1 time.
You also visited: Sewer.

You collected 3907 gold pieces.
You spent 3436 gold pieces at shops.

Inventory:

Hand Weapons
 a - a +6 battleaxe (weapon)
 f - a +0 battleaxe of electrocution
 m - the +11 long sword "Exiyh" {vorpal, rF+ Dex+3}
   (You found it on level 13 of the Dungeon)

   It inflicts extra damage upon your enemies.
   It affects your dexterity (+3).
   It protects you from fire.
 x - a +0 dire flail
 N - the +4 whip of Overwhelming Force {elec, +Blink rC- Will+ Dex+4}
   (You found it on level 1 of the Lair of Beasts)

   Occasionally, upon striking a foe, it can discharge electrical energy and
   cause terrible harm.
   It affects your dexterity (+4).
   It makes you vulnerable to cold.
   It affects your willpower, your defense against some magical effects.
   It lets you blink.
 P - a +0 broad axe
Missiles
 c - 5 javelins
 S - 15 poisoned darts (quivered)
Armour
 j - a +0 plate armour of willpower (worn)
 w - a +1 pair of boots (worn)
 y - a +0 cloak
 A - a +2 cloak of poison resistance (worn)
 H - a +2 hat of intelligence (worn)
 K - a +2 pair of boots
 M - a +2 cloak of preservation
 Q - a +0 pair of gloves of dexterity (worn)
Jewellery
 i - a +4 ring of slaying (left hand) {=R}
 o - the ring of the Death Scarab (right hand) {rF+ Str+2 Slay+4}
   (You found it on level 1 of the Lair of Beasts)

   [ring of slaying]

   It affects your strength (+2).
   It affects your accuracy and damage with ranged weapons and melee attacks
   (+4).
   It protects you from fire.
 F - an uncursed ring of willpower
 J - the ring "Amyup" {rC+ Str+7 Int-4}
   (You found it on level 15 of the Dungeon)

   [ring of protection from cold]

   It affects your strength (+7).
   It affects your intelligence (-4).
   It protects you from cold.
 Z - an amulet of guardian spirit (around neck)
Wands
 k - a wand of iceblast (31)
 t - a wand of polymorph (7)
 L - a wand of flame (28)
 W - a wand of random effects (81)
Scrolls
 g - 2 scrolls of amnesia
 l - 14 scrolls of remove curse {@r2}
 p - 11 scrolls of teleportation
 q - 4 scrolls of blinking
 r - 7 scrolls of magic mapping
 B - 4 scrolls of fog
 E - a scroll of enchant armour
 O - 3 scrolls of immolation
Potions
 e - 2 potions of might
 h - 7 potions of ambrosia
 s - 6 potions of mutation
 v - a potion of lignification
 z - 3 potions of attraction
 C - 3 potions of flight
 R - 3 potions of brilliance
 T - 2 potions of cancellation
 U - 3 potions of berserk rage
Miscellaneous
 n - a phial of floods
 u - a box of beasts
 D - a lightning rod (4/4)
 G - a phantom mirror
 I - a tin of tremorstones (2/2)
 X - a condenser vane


   Skills:
 + Level 18.0 Fighting
 - Level 18.1(19.8) Axes
 - Level 14.7(18.2) Maces & Flails
 + Level 19.1 Armour
 - Level 7.6 Dodging
 + Level 7.2 Evocations


You had 16 spell levels left.
You didn't know any spells.
Your spell library contained the following spells:

 Spells                   Type           Power        Failure   Level
 Corona                   Hex            0%           93%         1
 Shock                    Conj/Air       0%           93%         1
 Slow                     Hex            0%           98%         2
 Swiftness                Air            0%           98%         2
 Ignite Poison            Fire/Tmut/Pois 0%           100%        3
 Inner Flame              Hex/Fire       0%           100%        3
 Portal Projectile        Hex/Tloc       0%           100%        3
 Spider Form              Tmut/Pois      0%           100%        3
 Static Discharge         Conj/Air       0%           100%        3
 Airstrike                Air            0%           100%        4
 Cause Fear               Hex            0%           100%        4
 Hailstorm                Conj/Ice       0%           100%        4
 Leda's Liquefaction      Hex/Erth       0%           100%        4
 Agony                    Necr           0%           100%        5
 Blade Hands              Tmut           0%           100%        5
 Excruciating Wounds      Necr           0%           100%        5
 Lightning Bolt           Conj/Air       0%           100%        5
 Metabolic Englaciation   Hex/Ice        0%           100%        5
 Silence                  Hex/Air        0%           100%        5
 Summon Forest            Summ/Tloc      0%           100%        5
 Yara's Violent Unravell  Hex/Tmut       0%           100%        5
 Discord                  Hex            0%           100%        8


Dungeon Overview and Level Annotations

Branches:
Dungeon (15/15)            Temple (0/1) D:7            Lair (6/6) D:8
 Shoals (2/4) Lair:3       Spider (4/4) Lair:4        Slime (0/5) Lair:6
    Orc (2/2) D:11            Elf (0/3) Orc:2        Vaults (0/5) D:14
 Depths (0/5) D:15          Sewer (visited)

Altars:
Ashenzari
Cheibriados
Dithmenos
Gozag
Kikubaaqudgha
Okawaru
Trog
Vehumet
Xom
Yredelemnul
The Shining One
Jiyva

Shops:
D:6 }   D:7 *   D:13 [   Orc:2 !}(}

Annotations:
D:3 3 runed translucent doors, Strat's ghost, amateur BaMo
D:5 3 runed translucent doors, kaeus's ghost, novice GrFE
D:10 3 runed translucent doors, XxsatanxX's ghost, journeyman HOFi
Lair:5 1 runed translucent door, Luam's ghost, journeyman OpFi
Shoals:2 Ilsuiw
Spider:2 3 runed translucent doors, jimbutter's ghost, adept MiBe


Innate Abilities, Weirdness & Mutations

You reflexively headbutt those who attack you in melee.
You have a pair of horns on your head.
You have large cloven feet.
You are partially covered in iridescent scales. (AC +2)
Armour fits poorly on your strangely shaped body.
Your body sometimes deteriorates upon taking damage.
You are covered in fur. (AC +1)
Your spells are a little harder to cast, but a little more powerful.


Message History

* * * LOW HITPOINT WARNING * * *
The silver sears you!
* * * LOW HITPOINT WARNING * * *
You tear a large gash into the net.
The snapping turtle bites you but does no damage.
The merfolk javelineer throws a silver javelin.
The silver javelin pierces through you.
* * * LOW HITPOINT WARNING * * *
The silver sears you!
* * * LOW HITPOINT WARNING * * *
The merfolk siren chants a haunting song.
You resist with some effort.
Okay, then.
You struggle against the net.
The snapping turtle bites you from afar!
* * * LOW HITPOINT WARNING * * *
Xom roars with laughter!
The faun shoots a sling bullet.
The sling bullet hits you.
You die...
Xom chortles!

≈≈≈≈≈≈≈≈≈≈≈≈≈≈##..(≈.#.≈
≈≈≈≈≈≈≈≈≈≈≈≈≈≈(.)≈≈(##..
≈≈≈≈≈≈≈≈≈≈≈≈≈≈m≈≈≈≈.....
≈≈≈≈≈≈≈≈≈≈≈....≈≈...≈
≈≈≈≈≈≈≈≈≈......≈≈≈≈≈
≈≈≈≈≈≈≈≈......≈≈≈≈.
≈≈≈≈≈≈≈≈..###§.≈≈..
≈≈≈≈≈≈≈≈ct##§§≈≈≈..
≈≈≈≈≈≈≈≈$§@§§≈≈≈≈.
.≈≈≈≈≈§§§§§≈≈≈PP
#.≈≈≈≈§§§§m≈≈PP≈
#.≈≈≈..≈≈≈≈§≈≈≈P
#.≈≈≈≈≈≈≈≈≈≈≈≈≈≈
.≈m≈≈≈m≈≈≈≈≈≈≈≈≈
.≈≈m≈≈m≈≈≈≈≈≈Pm≈
.m≈≈≈≈≈≈≈≈≈≈.≈≈≈


You could see a snapping turtle, a merfolk and a faun.

Vanquished Creatures
  Gastronok (Lair:1)
  2 tentacled starspawn (Abyss:3)
  A thorn hunter (Abyss:3)
  An orc warlord (Orc:2)
  5 ghost moths
  Aizul (Spider:1)
  5 emperor scorpions
  An angel (Abyss:3)
  A stone giant (Shoals:1)
  A starcursed mass (Abyss:3)
  4 entropy weavers
  A merfolk impaler (Shoals:2)
  A merfolk javelineer (Abyss:3)
  A fire dragon (Lair:3)
  A boulder beetle (shapeshifter) (D:14)
  A centaur warrior (D:13)
  6 hydras
  2 merfolk avatars
  8 boulder beetles
  A merfolk aquamancer (Shoals:1)
  2 alligator snapping turtles
  A death yak (D:9)
  3 two-headed ogres
  A thrashing horror (Abyss:3)
  4 orc high priests (Orc:2)
  Urug (Lair:2)
  A wretched star (Abyss:3)
  Nergalle (Lair:1)
  2 skeletal warriors (D:15)
  An unseen horror (shapeshifter) (D:14)
  2 unseen horrors
  2 sea snakes (Shoals:2)
  A lindwurm (Lair:3)
  A phantasmal warrior (D:15)
  5 orc knights
  A necromancer (D:15)
  3 orc sorcerers
  2 deep elf magi
  3 fauns (Shoals:1)
  A worldbinder (Abyss:3)
  4 ugly things
  18 orb spiders
  5 cyclopes
  26 wolf spiders
  A moth of wrath (Spider:1)
  9 manticores
  3 merfolk sirens (Shoals:2)
  11 elephants (Lair:6)
  4 torpor snails
  A water nymph (shapeshifter) (D:13)
  A guardian serpent (Abyss:3)
  An eye of devastation (Lair:6)
  3 water nymphs
  An apocalypse crab (Abyss:3)
  7 black mambas
  2 gargoyles
  14 cane toads
  2 centaur skeletons
  4 rime drakes
  Maggie (D:7)
  2 komodo dragons
  3 kobold demonologists
  An efreet (D:14)
  A komodo dragon (shapeshifter) (D:15)
  11 demonic crawlers
  A yaktaur (shapeshifter) (Lair:6)
  3 ancient zymes
  2 tengu conjurers (D:14)
  A queen bee (D:11)
  6 merfolk
  7 trolls
  15 hornets
  A large abomination (Abyss:3)
  36 jumping spiders
  3 spriggan zombies (D:15)
  4 tyrant leeches (Spider:2)
  12 blink frogs
  A harpy skeleton (D:14)
  4 slime creatures (D:14)
  7 polar bears
  3 snapping turtles
  3 dream sheep
  25 tarantellas
  A redback (shapeshifter) (Orc:2)
  62 redbacks
  A shadow (D:15)
  A vampire (D:14)
  A wraith (D:15)
  13 spriggans (Lair:6)
  A wyvern (Lair:3)
  A deep troll skeleton (D:15)
  58 yaks
  6 water elementals
  6 basilisks
  A redback simulacrum (D:15)
  A yak (shapeshifter) (D:14)
  11 vampire mosquitoes
  2 steam dragons
  An acid dragon (D:12)
  7 wargs
  15 water moccasins
  Purgy (Sewer)
  A floating eye (shapeshifter) (D:12)
  32 orc warriors
  A meliai simulacrum (D:10)
  4 sky beasts
  18 necrophages
  6 ogres
  2 phantoms
  7 black bears
  2 boggarts (Lair:6)
  3 ice beasts
  27 wolves
  15 centaurs
  A wyvern zombie (D:11)
  20 bullfrogs
  6 big kobolds
  4 scorpions
  A wyvern skeleton (D:13)
  26 killer bees
  17 wights
  10 electric eels
  7 howler monkeys
  A troll skeleton (D:15)
  2 quasits
  4 bullfrog zombies
  4 centaur zombies
  7 hounds
  3 human zombies (D:15)
  3 jellies
  19 orc priests
  3 human skeletons (D:15)
  An iron imp (Abyss:3)
  26 orc wizards
  10 worker ants
  An ogre zombie (D:15)
  A hound skeleton (D:7)
  2 mummies
  3 worker ant zombies
  10 gnolls
  19 adders
  A shadow imp (D:10)
  A white imp (D:10)
  An ufetubus (D:7)
  An ooze (D:2)
  2 adder skeletons
  2 worms
  A dart slug (D:4)
  4 leopard geckos
  79 orcs
  A ball python (D:3)
  A bat zombie (D:1)
  5 giant cockroaches
  2 goblins
  2 hobgoblins
  9 jackals
  23 kobolds
  3 quokkas
  12 bats
  4 frilled lizards
  A jackal skeleton (D:4)
  A leopard gecko zombie (D:1)
  3 rats
  A lurking horror (Abyss:3)
  2 starspawn tentacles (Abyss:3)
1034 creatures vanquished.

Vanquished Creatures (collateral kills)
  Erolcha (D:9)
  A centaur warrior (D:13)
  An orc knight (Orc:1)
  Psyche (D:11)
  A wind drake (Lair:3)
  A jumping spider (Spider:1)
  A hornet (Lair:6)
  A tarantella (Spider:1)
  2 redbacks (Spider:4)
  3 yaks
  A warg (D:8)
  An orc warrior (Orc:1)
  A boggart (Lair:6)
  A hornet zombie (D:11)
  An ogre (D:4)
  A wolf (Lair:6)
  An orc priest (D:8)
  An orc wizard (Orc:1)
  A leopard gecko (D:3)
  2 orcs
  A hobgoblin (D:3)
25 creatures vanquished.

Vanquished Creatures (others)
  A jumping spider (Spider:4)
  55 fungi
  83 plants
  2 starspawn tentacles (Abyss:3)
  7 withered plants
148 creatures vanquished.

Grand Total: 1207 creatures vanquished

Notes
Turn   | Place    | Note
-------+----------+-------------------------------------------
     0 | D:1      | dolemite99 the Minotaur Chaos Knight began the quest for
                  | the Orb.
     0 | D:1      | Reached XP level 1. HP: 19/19 MP: 0/0
   228 | D:1      | Reached XP level 2. HP: 26/27 MP: 1/1
   354 | D:1      | XOM: silly message
   441 | D:1      | XOM: 4-stop teleportation journey
   925 | D:2      | XOM: 1-stop teleportation journey
   930 | D:2      | Reached XP level 3. HP: 33/33 MP: 2/2
  1343 | D:2      | XOM: cloud trail
  1417 | D:3      | XOM: 4-stop teleportation journey
  1512 | D:3      | Found a radiant altar of Vehumet.
  1554 | D:3      | Reached XP level 4. HP: 33/41 MP: 3/3
  1718 | D:3      | XOM: scenery: create altars
  1791 | D:3      | XOM: scenery: summon butterflies
  1838 | D:3      | XOM: god gift: 773 gold pieces
  1846 | D:3      | XOM: scenery: summon butterflies
  2097 | D:3      | XOM: scenery: summon butterflies
  2098 | D:3      | XOM: give mutations
  2098 | D:3      | Gained mutation: Your flesh is cold resistant. (rC+) [Xom's
                  | grace]
  2098 | D:3      | Gained mutation: Your muscles are strong. (Str +2) [Xom's
                  | grace]
  2098 | D:3      | Gained mutation: You are partially covered in molten
                  | scales. (AC +2) [Xom's grace]
  2499 | D:4      | Found a shadowy altar of Dithmenos.
  2682 | D:3      | Reached skill level 5 in Fighting
  2682 | D:3      | Reached skill level 5 in Axes
  2682 | D:3      | Reached XP level 5. HP: 36/48 MP: 4/4
  2730 | D:3      | XOM: 4-stop teleportation journey
  2780 | D:3      | XOM: divination: detect items
  2783 | D:3      | XOM: god gift: scroll labelled FOUN IFEMIRO {god gift}
  2861 | D:3      | XOM: cast spell 'Summon Horrible Things'
  2876 | D:3      | Found a runed translucent gate.
  2880 | D:3      | Found a runed translucent gate.
  2880 | D:3      | Found an opulent altar of Gozag.
  2881 | D:3      | Found a runed translucent gate.
  2881 | D:3      | Noticed Strat's ghost (amateur BaMo)
  2881 | D:3      | Noticed a centaur
  3002 | D:3      | XOM: god gift: wand of iceblast (10)
  3195 | D:3      | XOM: silly message
  3397 | D:4      | XOM: cast spell 'Summon Small Mammal'
  3398 | D:4      | XOM: scenery: create altars
  3401 | D:4      | XOM: smoke on damage
  3402 | D:4      | XOM: confuse monster(s)
  3544 | D:4      | Reached XP level 6. HP: 56/56 MP: 5/5
  3603 | D:4      | XOM: cloud trail
  3712 | D:4      | XOM: god gift: scroll labelled IPNAAV CUEVUXA {god gift}
  3809 | D:4      | XOM: scenery: summon butterflies
  3915 | D:4      | Found a bloodstained altar of Trog.
  3918 | D:4      | Found an iron altar of Okawaru.
  3921 | D:4      | Found a snail-covered altar of Cheibriados.
  4104 | D:4      | Found a glowing golden altar of the Shining One.
  4238 | D:4      | Identified Xom's Handbook of Hangman (Xom gifted it to you
                  | on level 4 of the Dungeon)
  4238 | D:4      | XOM: god gift: Xom's Handbook of Hangman
  4647 | D:5      | Entered Level 5 of the Dungeon
  4654 | D:5      | XOM: enchant monster (good)
  4663 | D:5      | Reached XP level 7. HP: 63/63 MP: 6/6
  4772 | D:5      | Found a runed translucent gate.
  4772 | D:5      | Found a runed translucent gate.
  4773 | D:5      | Found a runed translucent gate.
  4774 | D:5      | Noticed kaeus's ghost (novice GrFE)
  4787 | D:5      | Reached skill level 5 in Dodging
  4868 | D:6      | Found Qaiptung's Gadget Boutique.
  4925 | D:6      | Bought a wand of flame (16) for 117 gold pieces
  4925 | D:6      | Bought a wand of flame (11) for 84 gold pieces
  4925 | D:6      | Bought a wand of iceblast (7) for 143 gold pieces
  4925 | D:6      | Bought a wand of iceblast (6) for 130 gold pieces
  4925 | D:6      | Bought a wand of digging (2) for 156 gold pieces
  4925 | D:6      | Bought a wand of iceblast (10) for 182 gold pieces
  5296 | D:6      | Reached XP level 8. HP: 73/73 MP: 7/7
  5456 | D:6      | XOM: god gift: 17 stones
  5492 | D:6      | Found a glowing drain.
  5508 | Sewer    | Entered a sewer
  5530 | Sewer    | Noticed Purgy
  5541 | Sewer    | Killed Purgy
  5601 | Sewer    | XOM: god gift: scroll of teleportation
  6393 | D:7      | Found a staircase to the Ecumenical Temple.
  6441 | D:7      | XOM: 1-stop teleportation journey
  6458 | D:7      | Noticed Maggie
  6472 | D:7      | Killed Maggie
  6546 | D:7      | XOM: divination: detect creatures
  6614 | D:7      | XOM: silly message
  6652 | D:7      | Reached XP level 9. HP: 82/82 MP: 8/8
  6672 | D:7      | Found an ancient bone altar of Kikubaaqudgha.
  6747 | D:7      | XOM: silly message
  6762 | D:7      | XOM: 2-stop teleportation journey
  6797 | D:7      | XOM: noise
  6805 | D:7      | XOM: chaos upgrade
  6850 | D:7      | XOM: 1-stop teleportation journey
  6861 | D:7      | Reached skill level 3 in Armour
  6878 | D:7      | XOM: silly message
  6888 | D:7      | Reached skill level 1 in Evocations
  7043 | D:7      | XOM: silly message
  7181 | D:7      | XOM: 1-stop teleportation journey
  7199 | D:7      | Found Mudoz's Assorted Antiques.
  7202 | D:7      | Bought a scroll labelled NOSTRO BAMITUL for 29 gold pieces
  7202 | D:7      | Bought a scroll of identify for 58 gold pieces
  7202 | D:7      | Bought a wand of enslavement (6) for 58 gold pieces
  7202 | D:7      | Bought 2 scrolls of teleportation for 174 gold pieces
  7202 | D:7      | Bought a potion of curing for 87 gold pieces
  7588 | D:8      | XOM: noise
  7609 | D:8      | Found a staircase to the Lair.
  7609 | D:8      | Noticed a white ugly thing
  7632 | D:8      | Reached skill level 4 in Armour
  7636 | D:7      | XOM: cast spell 'Statue Form'
  7796 | D:8      | XOM: cloud trail
  7830 | D:8      | Paralysed by you for 7 turns
  7830 | D:8      | XOM: potion effect (brilliance)
  7833 | D:8      | XOM: smoke on damage
  8052 | D:8      | XOM: cast spell 'Summon Ice Beast'
  8121 | D:8      | Reached skill level 5 in Armour
  8378 | D:8      | XOM: 1-stop teleportation journey
  8399 | D:8      | XOM: potion effect (curing)
  8404 | D:8      | XOM: divination: detect items
  8405 | D:8      | XOM: potion effect (curing)
  8408 | D:8      | XOM: potion effect (curing)
  8410 | D:8      | XOM: enchant monster (good)
  8411 | D:8      | Killed a white ugly thing
  8412 | D:8      | Reached skill level 5 in Evocations
  8505 | D:8      | XOM: 1-stop teleportation journey
  8552 | D:8      | Reached skill level 6 in Armour
  8656 | D:8      | Found a broken altar of Ashenzari.
  8700 | D:8      | Reached XP level 10. HP: 89/91 MP: 9/9
  8914 | D:9      | Reached skill level 1 in Maces & Flails
  9048 | D:9      | Noticed a gargoyle
  9060 | D:9      | Killed a gargoyle
  9216 | D:9      | Noticed Erolcha
  9237 | D:9      | XOM: summons 4 friendly demons
  9245 | D:9      | Killed Erolcha
  9733 | D:9      | Noticed a catoblepas
  9738 | D:9      | Noticed a minotaur
  9738 | D:9      | a catoblepas changed into a minotaur
  9738 | D:9      | XOM: polymorph catoblepas -> minotaur
  9748 | D:9      | Noticed a death yak
  9748 | D:9      | a minotaur changed into a death yak
  9748 | D:9      | XOM: polymorph minotaur -> death yak
  9749 | D:9      | XOM: give mutation
  9749 | D:9      | Gained mutation: Your skin changes colour to match your
                  | surroundings (Stealth+). [Xom's grace]
  9755 | D:9      | Killed a death yak
  9846 | D:9      | XOM: 6-stop teleportation journey
 10085 | D:9      | XOM: chaos cloud
 10410 | D:9      | XOM: destruction
 10431 | D:9      | XOM: scenery: 1 doors close
 10551 | D:9      | XOM: god gift: wand of disintegration (10)
 10573 | D:10     | Entered Level 10 of the Dungeon
 10646 | D:10     | XOM: divination: detect items
 10647 | D:10     | XOM: confuse monster(s)
 10650 | D:10     | Reached skill level 10 in Maces & Flails
 10948 | D:10     | Reached XP level 11. HP: 97/97 MP: 10/10
 11111 | D:10     | Noticed XxsatanxX's ghost (journeyman HOFi)
 11123 | D:10     | XOM: summons friendly ufetubus
 11127 | D:10     | XOM: polymorph ufetubus -> white imp
 11191 | D:10     | Found a runed translucent gate.
 11191 | D:10     | Found a runed translucent gate.
 11191 | D:10     | Found a runed translucent gate.
 11612 | D:10     | XOM: potion effect (invisibility)
 11737 | D:10     | XOM: god gift: wand of acid (5)
 11846 | D:11     | XOM: torment (55/97 hp)
 11854 | D:11     | XOM: 1-stop teleportation journey
 11859 | D:11     | XOM: blink monster(s)
 11987 | D:11     | XOM: noise
 12079 | D:11     | XOM: enchant monster (bad)
 12089 | D:11     | XOM: confuse monster(s)
 12273 | D:11     | XOM: destruction
 12280 | D:11     | XOM: fake destruction
 12304 | D:11     | Noticed Psyche
 12313 | D:11     | Killed Psyche
 12420 | D:11     | XOM: 4-stop teleportation journey
 12563 | D:11     | XOM: give mutation
 12563 | D:11     | Lost mutation: Your flesh is cold resistant. (rC+) [Xom's
                  | mischief]
 12665 | D:11     | You fall into a shaft and drop 2 floors!
 12665 | D:13     | Noticed a centaur warrior
 12742 | D:13     | Noticed a sixfirhy
 12759 | D:13     | XOM: confuse monster(s)
 12775 | D:13     | XOM: 3-stop teleportation journey
 12824 | D:13     | Found Yxteugim's Antique Armour Boutique.
 12834 | D:13     | Bought a runed scarf for 264 gold pieces
 12876 | D:13     | Found an iron altar of Okawaru.
 12883 | D:12     | Noticed a glowing shapeshifter
 12883 | D:12     | a centaur changed into a glowing shapeshifter
 12883 | D:12     | XOM: polymorph centaur -> glowing shapeshifter
 12883 | D:12     | a glowing shapeshifter changed into a floating eye
 13019 | D:12     | Noticed a green ugly thing
 13026 | D:12     | Killed a green ugly thing
 13059 | D:12     | XOM: enchant monster (good)
 13061 | D:11     | Found a staircase to the Orcish Mines.
 13074 | D:11     | Reached XP level 12. HP: 87/105 MP: 11/11
 13076 | D:11     | XOM: fog
 13310 | D:11     | Reached skill level 10 in Fighting
 13388 | D:11     | XOM: give mutations
 13388 | D:11     | Gained mutation: Armour fits poorly on your strangely
                  | shaped body. [Xom's mischief]
 13388 | D:11     | Gained mutation: You are dopey. (Int -2) [Xom's mischief]
 13735 | Lair:1   | Entered Level 1 of the Lair of Beasts
 13845 | Lair:1   | Noticed Gastronok
 13870 | Lair:1   | Killed Gastronok
 13944 | Lair:1   | XOM: divination: magic mapping
 14139 | Lair:1   | XOM: scenery: create altars
 14140 | Lair:1   | Noticed Nergalle
 14153 | Lair:1   | Killed Nergalle
 14337 | Lair:1   | Got a flickering zirconium amulet
 14349 | Lair:1   | Identified the amulet of Harmony {Faith Stlth+} (You found
                  | it on level 1 of the Lair of Beasts)
 14526 | Lair:1   | Found a runed translucent door.
 14551 | Lair:1   | Got a jewelled whip
 14553 | Lair:1   | Noticed a boulder beetle
 14585 | Lair:1   | XOM: give mutations
 14585 | Lair:1   | Gained mutation: You are partially covered in icy blue
                  | scales. (AC +2) [Xom's grace]
 14585 | Lair:1   | Gained mutation: You are partially covered in thin metallic
                  | scales. (AC +2) [Xom's grace]
 14591 | Lair:1   | Killed a boulder beetle
 14596 | Lair:1   | Got a heavily runed pewter ring
 14615 | Lair:1   | Identified the ring of the Death Scarab {rF+ Str+2 Slay+4}
                  | (You found it on level 1 of the Lair of Beasts)
 14772 | Lair:2   | Noticed Urug
 14778 | Lair:2   | Killed Urug
 14779 | Lair:2   | XOM: noise
 14786 | Lair:2   | Reached skill level 7 in Armour
 14950 | Lair:2   | XOM: 2-stop teleportation journey
 14958 | Lair:2   | Reached skill level 8 in Armour
 14964 | Lair:2   | XOM: 4-stop teleportation journey
 14968 | Lair:2   | Identified the +4 whip of Overwhelming Force {elec, +Blink
                  | rC- Will+ Dex+4} (You found it on level 1 of the Lair of
                  | Beasts)
 15201 | Lair:2   | XOM: swap monsters
 15282 | Lair:2   | XOM: give mutations
 15282 | Lair:2   | Lost mutation: Your muscles are strong. (Str +2) [Xom's
                  | mischief]
 15301 | Lair:2   | XOM: cast spell 'Summon Mana Viper'
 15379 | Lair:2   | XOM: enchant monster (bad)
 15398 | Lair:2   | Reached skill level 9 in Armour
 15398 | Lair:2   | Reached XP level 13. HP: 115/123 MP: 12/12
 15406 | Lair:2   | XOM: cloud trail
 15500 | Lair:2   | XOM: confusion (+ monsters)
 15642 | Lair:2   | XOM: noise
 15646 | Lair:2   | XOM: give mutations
 15646 | Lair:2   | Gained mutation: You evolve. [Xom's grace]
 15646 | Lair:2   | Gained mutation: You are resistant to electric shocks.
                  | (rElec) [Xom's grace]
 15646 | Lair:2   | Gained mutation: Your spells are a little harder to cast,
                  | but a little more powerful. [Xom's grace]
 15834 | Lair:2   | XOM: 2-stop teleportation journey
 15885 | Lair:3   | XOM: fake destruction
 15886 | Lair:3   | Noticed a fire dragon
 15886 | Lair:3   | a four-headed hydra changed into a fire dragon
 15886 | Lair:3   | XOM: polymorph four-headed hydra -> fire dragon
 15893 | Lair:3   | Killed a fire dragon
 15894 | Lair:3   | Reached skill level 10 in Armour
 15978 | Lair:3   | XOM: chaos cloud
 15996 | Lair:3   | XOM: confusion
 16007 | Lair:3   | XOM: swap monsters
 16017 | Lair:3   | XOM: cleaving
 16018 | Lair:3   | XOM: fake destruction
 16204 | Lair:3   | XOM: fog
 16210 | Lair:3   | XOM: confuse monster(s)
 16277 | Lair:3   | Reached skill level 11 in Armour
 16430 | Lair:3   | XOM: summons 12 friendly demons
 16512 | Lair:3   | XOM: give mutations
 16512 | Lair:3   | Gained mutation: Your spells are harder to cast, but more
                  | powerful. [Xom's grace]
 16512 | Lair:3   | Gained mutation: You passively map a small area around you.
                  | [Xom's grace]
 16512 | Lair:3   | Lost mutation: You evolve. [Xom's grace]
 16512 | Lair:3   | Gained mutation: You are somewhat resistant to further
                  | mutation. [Xom's grace]
 16512 | Lair:3   | Lost mutation: You are dopey. (Int -2) [Xom's grace]
 16612 | Lair:3   | Found a staircase to the Shoals.
 17123 | Lair:4   | XOM: stealth player
 17135 | Lair:4   | XOM: confuse monster(s)
 17146 | Lair:4   | Reached skill level 12 in Armour
 17191 | Lair:4   | XOM: god gift: wand of iceblast (11)
 17293 | Lair:4   | XOM: confuse monster(s)
 17519 | Lair:4   | XOM: cast spell 'Summon Hydra'
 17523 | Lair:4   | Reached skill level 13 in Armour
 17791 | Lair:4   | XOM: silly message
 18034 | Lair:4   | XOM: divination: detect items
 18110 | Lair:4   | Found a hole to the Spider Nest.
 18736 | Lair:5   | XOM: 1-stop teleportation journey
 18750 | Lair:5   | Reached skill level 14 in Armour
 18752 | Lair:5   | XOM: noise
 19163 | Lair:5   | XOM: 11-stop teleportation journey
 19396 | Lair:5   | XOM: scenery: summon butterflies
 19446 | Lair:5   | Found a runed translucent door.
 19451 | Lair:5   | Noticed Luam's ghost (journeyman OpFi)
 19580 | Lair:6   | Entered Level 6 of the Lair of Beasts
 19600 | Lair:6   | XOM: scenery: create altars
 19616 | Lair:6   | Found a viscous altar of Jiyva.
 19616 | Lair:6   | Found a staircase to the Slime Pits.
 19616 | Lair:6   | XOM: 5-stop teleportation journey
 19647 | Lair:6   | XOM: cleaving
 19653 | Lair:6   | XOM: fog
 19655 | Lair:6   | XOM: cleaving
 19875 | Lair:6   | XOM: destruction
 19884 | Lair:6   | Reached skill level 15 in Armour
 19889 | Lair:6   | Reached XP level 14. HP: 77/130 MP: 13/13
 20120 | Lair:6   | XOM: cleaving
 20196 | Lair:6   | XOM is BORED!
 20196 | Lair:6   | XOM: noise
 20204 | Lair:6   | XOM: cloud trail
 20292 | Lair:6   | XOM: 2-stop teleportation journey
 20307 | Lair:6   | XOM: noise
 20309 | Lair:6   | XOM: 2-stop teleportation journey
 20449 | Lair:6   | XOM: 7-stop teleportation journey
 20455 | Lair:6   | XOM: polymorph spriggan -> shapeshifter
 20602 | Lair:6   | XOM: swap monsters
 20605 | Lair:6   | XOM: polymorph spriggan rider -> eye of devastation
 20611 | Lair:6   | XOM: swap monsters
 20735 | Lair:6   | XOM: give mutations
 20735 | Lair:6   | Gained mutation: Your system is resistant to poisons.
                  | (rPois) [Xom's grace]
 20735 | Lair:6   | Gained mutation: You have large cloven feet. [Xom's grace]
 20806 | Lair:6   | XOM: fog
 20902 | Lair:6   | XOM: scenery: 1 doors open
 20912 | Lair:6   | Reached skill level 16 in Armour
 20924 | Lair:6   | XOM: scenery: 1 doors close
 21000 | Lair:6   | XOM: 3-stop teleportation journey
 21310 | Lair:6   | XOM: cloud trail
 21620 | Lair:6   | XOM: give mutations
 21620 | Lair:6   | Gained mutation: Your flesh is cold resistant. (rC+) [Xom's
                  | grace]
 21620 | Lair:6   | Gained mutation: Your muscles are strong. (Str +2) [Xom's
                  | grace]
 21620 | Lair:6   | Gained mutation: Your flesh is very cold resistant. (rC++)
                  | [Xom's grace]
 21620 | Lair:6   | Gained mutation: You are robust. (+10% HP) [Xom's grace]
 21853 | Orc:1    | Entered Level 1 of the Orcish Mines
 21865 | Orc:1    | XOM: summons 5 friendly demons
 22348 | Orc:1    | Reached skill level 15 in Fighting
 22498 | Orc:1    | XOM: stat loss: -1 Str (25/26)
 22519 | Orc:1    | XOM: god gift: embroidered cloak {god gift}
 22653 | Orc:1    | XOM: scenery: summon butterflies
 22834 | Orc:1    | XOM: noise
 23155 | Orc:1    | XOM: divination: detect creatures
 23234 | Orc:2    | Entered Level 2 of the Orcish Mines
 23256 | Orc:2    | Found a staircase to the Elven Halls.
 23586 | Orc:2    | XOM: 1-stop teleportation journey
 23889 | Orc:2    | XOM: cloud trail
 23919 | Orc:2    | XOM: smoke on damage
 24377 | Orc:2    | XOM: silly message
 24445 | Orc:2    | XOM: cloud trail
 24457 | Orc:2    | XOM: scenery: create altars
 24466 | Orc:2    | Noticed an orc warlord
 24473 | Orc:2    | XOM: summons friendly white imp
 24477 | Orc:2    | XOM: confuse monster(s)
 24479 | Orc:2    | XOM: 1-stop teleportation journey
 24583 | Orc:2    | XOM: enchant monster (good)
 24690 | Orc:2    | XOM: divination: detect creatures
 24693 | Orc:2    | XOM: potion effect (curing)
 24695 | Orc:2    | XOM: divination: detect items
 24713 | Orc:2    | Killed an orc warlord
 24732 | Orc:2    | XOM: divination: detect items
 24764 | Orc:2    | XOM: cloud trail
 24854 | Orc:2    | XOM: enchant monster (bad)
 24888 | Orc:2    | XOM: divination: detect creatures
 24890 | Orc:2    | XOM: cast spell 'Olgreb's Toxic Radiance'
 24906 | Orc:2    | Reached skill level 17 in Armour
 24917 | Orc:2    | XOM: divination: magic mapping
 24919 | Orc:2    | XOM: summons friendly quasit
 24921 | Orc:2    | XOM: confusion (+ monsters)
 24955 | Orc:2    | XOM: torment (76/149 hp)
 24966 | Orc:2    | XOM: scenery: summon butterflies
 25082 | Orc:2    | XOM: give mutation
 25082 | Orc:2    | Lost mutation: You are somewhat resistant to further
                  | mutation. [Xom's grace]
 25082 | Orc:2    | Gained mutation: You evolve. [Xom's grace]
 25186 | Orc:2    | Lost mutation: You passively map a small area around you.
                  | [evolution]
 25274 | Orc:2    | XOM: enchant monster (good)
 25385 | Orc:2    | XOM: enchant monster (good)
 25394 | Orc:2    | XOM: polymorph orc sorcerer -> glowing shapeshifter
 25474 | Orc:2    | XOM: confuse monster(s)
 25482 | Orc:2    | Found Xunnugad's Gadget Shoppe.
 25482 | Orc:2    | Found Kiekhyi's Distillery.
 25482 | Orc:2    | Found Jighebo Omno's Gadget Shop.
 25482 | Orc:2    | Found Dausy's Weapon Shoppe.
 25482 | Orc:2    | XOM: swap monsters
 25543 | Orc:2    | Bought a box of beasts for 560 gold pieces
 25552 | Orc:2    | Bought a phantom mirror for 560 gold pieces
 25553 | Orc:2    | XOM: summons 3 hostile shadow creatures
 25559 | Orc:2    | Bought a wand of iceblast (6) for 140 gold pieces
 25559 | Orc:2    | Bought a wand of iceblast (7) for 154 gold pieces
 25580 | Orc:2    | Bought a potion of resistance for 150 gold pieces
 25580 | Orc:2    | Bought a potion of haste for 150 gold pieces
 25580 | Orc:2    | Upgraded the game from 0.26.0-20-g3ca415f5b8 to
                  | 0.26.0-41-g79a4fc7684
 26062 | D:12     | You fall into a shaft and drop 3 floors!
 26062 | D:15     | Entered Level 15 of the Dungeon
 26065 | D:15     | XOM: blink monster(s)
 26076 | D:14     | XOM: repel stairs
 26083 | D:14     | XOM: summons friendly crimson imp
 26111 | D:14     | XOM: polymorph crimson imp -> ynoxinul
 26352 | D:13     | XOM: summons 8 hostile demons
 26376 | D:12     | XOM: cloud trail
 26420 | D:12     | XOM: god gift: 17 stones
 26628 | D:13     | XOM: silly message
 26629 | D:13     | XOM: potion effect (brilliance)
 26634 | D:12     | Reached XP level 15. HP: 154/158 MP: 14/14
 27117 | D:13     | XOM: god gift: 2 atropa-tipped darts
 27165 | D:13     | XOM: repel stairs
 27169 | D:13     | XOM: enchant monster (bad)
 27328 | D:13     | Identified the +2 war axe "Degufew" {vorpal, Will+ Dex+5}
 27629 | D:13     | XOM: summons 5 hostile demons
 27673 | D:13     | XOM: give mutations
 27673 | D:13     | Lost mutation: You are robust. (+10% HP) [Xom's mischief]
 27673 | D:13     | Lost mutation: You are partially covered in molten scales.
                  | (AC +2) [Xom's mischief]
 27673 | D:13     | Lost mutation: Your flesh is very cold resistant. (rC++)
                  | [Xom's mischief]
 27700 | D:13     | Got a blackened long sword
 27701 | D:13     | Identified the +11 long sword "Exiyh" {vorpal, rF+ Dex+3}
                  | (You found it on level 13 of the Dungeon)
 27865 | D:13     | XOM: summons 1 hostile demon
 27889 | D:14     | XOM: summons friendly quasit
 28069 | D:14     | XOM: chaos upgrade
 28334 | D:14     | XOM: summons 2 hostile shadow creatures
 28713 | D:14     | XOM: scenery: 2 doors close
 28723 | D:14     | XOM: summons friendly iron imp
 28884 | D:14     | Reached skill level 18 in Armour
 28885 | D:14     | Found a gate to the Vaults.
 28900 | D:14     | Lost mutation: Your flesh is cold resistant. (rC+)
                  | [evolution]
 29122 | D:15     | XOM: confuse monster(s)
 29154 | D:15     | XOM: cleaving
 29173 | D:15     | XOM: cast spell 'Leda's Liquefaction'
 29179 | D:15     | XOM: enchant monster (bad)
 29617 | D:14     | XOM: divination: detect creatures
 29707 | D:15     | Found a staircase to the Depths.
 29877 | D:15     | XOM: 3-stop teleportation journey
 30029 | D:15     | XOM: 3-stop teleportation journey
 30086 | D:15     | XOM: enchant monster (good)
 30214 | D:15     | XOM: give mutations
 30214 | D:15     | Gained mutation: You possess an exceptional clarity of
                  | mind. [Xom's grace]
 30214 | D:15     | Gained mutation: You are agile. (Dex +2) [Xom's grace]
 30514 | D:15     | Got a flickering brass ring
 30517 | D:15     | Identified the ring "Amyup" {rC+ Str+7 Int-4} (You found it
                  | on level 15 of the Dungeon)
 30720 | D:15     | XOM: enchant monster (good)
 30777 | D:15     | Found a basalt altar of Yredelemnul.
 30963 | D:15     | XOM: give mutations
 30963 | D:15     | Gained mutation: You are partially covered in iridescent
                  | scales. (AC +2) [Xom's grace]
 30963 | D:15     | Gained mutation: Your muscles are very strong. (Str +4)
                  | [Xom's grace]
 30972 | D:15     | XOM: god gift: runed plate armour {god gift}
 31275 | Lair:4   | XOM: summons 4 hostile shadow creatures
 31288 | Lair:4   | XOM: god gift: wand of iceblast (12)
 31323 | Lair:4   | XOM: give mutation
 31323 | Lair:4   | Lost mutation: You possess an exceptional clarity of mind.
                  | [Xom's mischief]
 31327 | Spider:1 | Entered Level 1 of the Spider Nest
 31338 | Spider:1 | XOM: smoke on damage
 31435 | Lair:4   | XOM: give mutations
 31435 | Lair:4   | Lost mutation: You are agile. (Dex +2) [Xom's mischief]
 31435 | Lair:4   | Lost mutation: Your spells are harder to cast, but more
                  | powerful. [Xom's mischief]
 31435 | Lair:4   | Lost mutation: Your muscles are very strong. (Str +4)
                  | [Xom's mischief]
 31679 | Orc:2    | Bought a potion of heal wounds for 75 gold pieces
 31679 | Orc:2    | Bought a potion of heal wounds for 75 gold pieces
 31679 | Orc:2    | Bought 2 potions of curing for 90 gold pieces
 31691 | Orc:2    | XOM: give mutations
 31691 | Orc:2    | Gained mutation: You are covered in fur. (AC +1) [Xom's
                  | grace]
 31691 | Orc:2    | Gained mutation: Your muscles are very strong. (Str +4)
                  | [Xom's grace]
 31691 | Orc:2    | Gained mutation: You have hoof-like feet. [Xom's grace]
 31938 | Spider:1 | Noticed Aizul
 31941 | Spider:1 | XOM: scenery: create altars
 31960 | Spider:1 | XOM: enchant monster (good)
 31982 | Spider:1 | XOM: fake destruction
 32007 | Spider:1 | XOM: silly message
 32020 | Spider:1 | XOM: cast spell 'Summon Small Mammal'
 32027 | Spider:1 | Reached skill level 10 in Axes
 32782 | Spider:1 | XOM: potion effect (might)
 32825 | Spider:1 | Killed Aizul
 32869 | Spider:1 | XOM: noise
 32901 | Spider:1 | XOM: noise
 32907 | Spider:1 | XOM: potion effect (heal wounds)
 33114 | Spider:1 | XOM: silly message
 33201 | Spider:1 | Lost mutation: Armour fits poorly on your strangely shaped
                  | body. [evolution]
 33201 | Spider:1 | Lost mutation: You evolve. [end of evolution]
 33230 | Spider:1 | You fall into a shaft and drop 1 floor!
 33281 | Spider:2 | XOM: cast spell 'Summon Ice Beast'
 33294 | Spider:2 | XOM: cast spell 'Olgreb's Toxic Radiance'
 33301 | Spider:2 | XOM: cast spell 'Call Canine Familiar'
 33340 | Spider:2 | Reached XP level 16. HP: 67/155 MP: 5/15
 33387 | Spider:2 | XOM: divination: magic mapping
 33894 | Spider:2 | XOM: 1-stop teleportation journey
 33908 | Spider:2 | XOM: silly message
 33949 | Spider:2 | XOM: confuse monster(s)
 33963 | Spider:2 | XOM: summons 1 hostile shadow creature
 34153 | Spider:2 | XOM: 5-stop teleportation journey
 34165 | Spider:2 | XOM: 8-stop teleportation journey
 34360 | Spider:2 | XOM: cast spell 'Cause Fear'
 34411 | Spider:2 | XOM: give mutation
 34411 | Spider:2 | Lost mutation: Your muscles are very strong. (Str +4)
                  | [Xom's mischief]
 34486 | Spider:2 | Found a runed translucent gate.
 34486 | Spider:2 | Found a runed translucent gate.
 34486 | Spider:2 | Found a runed translucent gate.
 34724 | Spider:2 | Noticed jimbutter's ghost (adept MiBe)
 35019 | Spider:2 | XOM: noise
 35368 | Spider:3 | XOM: swap monsters
 35412 | Spider:3 | XOM: give mutations
 35412 | Spider:3 | Lost mutation: You are resistant to electric shocks.
                  | (rElec) [Xom's mischief]
 35412 | Spider:3 | Lost mutation: Your system is resistant to poisons. (rPois)
                  | [Xom's mischief]
 35412 | Spider:3 | Lost mutation: Your skin changes colour to match your
                  | surroundings (Stealth+). [Xom's mischief]
 35412 | Spider:3 | Gained mutation: Armour fits poorly on your strangely
                  | shaped body. [Xom's mischief]
 36073 | Spider:3 | XOM: stat loss: -1 Str (25/26)
 36078 | Spider:3 | XOM: blink monster(s)
 36143 | Spider:3 | Identified the Guide on the Poisonous Snowflakes
 36575 | Spider:4 | Entered Level 4 of the Spider Nest
 36934 | Spider:4 | XOM: repel stairs
 36939 | Spider:4 | Reached skill level 15 in Axes
 36943 | Spider:4 | XOM: enchant monster (bad)
 37141 | Spider:4 | XOM: summons 4 hostile shadow creatures
 37143 | Spider:4 | XOM: give mutations
 37143 | Spider:4 | Lost mutation: Your muscles are strong. (Str +2) [Xom's
                  | mischief]
 37143 | Spider:4 | Lost mutation: You are partially covered in icy blue
                  | scales. (AC +2) [Xom's mischief]
 37538 | Spider:3 | XOM: silly message
 37596 | Spider:4 | XOM: confusion (+ monsters)
 37821 | Spider:3 | XOM: god gift: embroidered hat {god gift}
 38428 | Spider:4 | XOM: 1-stop teleportation journey
 38658 | Spider:4 | XOM: swap monsters
 39369 | Spider:3 | XOM: divination: detect creatures
 39399 | Spider:4 | XOM: divination: magic mapping
 39562 | Spider:4 | XOM: god gift: mace {god gift}
 40045 | Spider:4 | XOM: scenery: summon butterflies
 40169 | Spider:4 | XOM: noise
 40171 | Spider:4 | XOM: enchant monster (bad)
 40324 | Spider:4 | Reached XP level 17. HP: 143/161 MP: 14/16
 40390 | Spider:4 | Got a gossamer rune of Zot
 40576 | Shoals:1 | Entered Level 1 of the Shoals
 40641 | Shoals:1 | XOM: give mutations
 40641 | Shoals:1 | Lost mutation: You have hoof-like feet. [Xom's mischief]
 40641 | Shoals:1 | Lost mutation: You are partially covered in thin metallic
                  | scales. (AC +2) [Xom's mischief]
 40641 | Shoals:1 | Gained mutation: Your body sometimes deteriorates upon
                  | taking damage. [Xom's mischief]
 40685 | Shoals:1 | XOM: swap monsters
 40788 | Shoals:1 | XOM: cleaving
 41202 | Shoals:1 | XOM: summons 1 hostile demon
 41432 | Shoals:1 | XOM: enchant monster (bad)
 41581 | Shoals:2 | XOM: enchant monster (bad)
 41739 | Shoals:2 | XOM: summons 3 hostile demons
 42066 | Shoals:2 | XOM: stat loss: -1 Dex (12/15)
 42370 | Shoals:2 | Cast into level 3 of the Abyss (Xom)
 42370 | Abyss:3  | Found a corrupted altar of Lugonu.
 42395 | Abyss:3  | XOM: noise
 42533 | Abyss:3  | Reached skill level 19 in Armour
 42546 | Abyss:3  | Got an abyssal rune of Zot
 42599 | Abyss:3  | XOM: summons 1 hostile shadow creature
 42635 | Shoals:2 | Escaped the Abyss
 42658 | Shoals:2 | XOM: confusion
 42674 | Shoals:2 | Noticed Ilsuiw
 42676 | Shoals:2 | XOM: noise
 42678 | Shoals:2 | HP: 1/163 [snapping turtle (10)]
 42678 | Shoals:2 | Shot with a sling bullet by a faun

Illustrated notes

Levels and vault maps discovered:
D:1:      saegor_arrival_fortress, layout_rooms, minmay_indecisive_spiral
D:2:      layout_loops_ring
D:3:      wander_river, layout_loops_ring, lemuel_crystal_altar,
          ebering_ghost_gozag, minmay_misc_feat_pillars
D:4:      layout_cave_pods, grunt_dithmenos_smoke_and_mirrors,
          grunt_temple_overflow_diamond, tso_altar
D:5:      minmay_bubble_buster, layout_gridville, gammafunk_ghost_split
D:6:      layout_basic, portal_sewer_entry_d, serial_shops, shop
D:7:      cheibrodos_quashed, layout_basic, lemuel_doored_altar,
          minmay_temple_entry_offerings, serial_shops, kennysheep_mini,
          chequers_serial_rivers_small_b, st_stairs_4, uniq_maggie
D:8:      layout_rooms, erik_lair_orcish_takeover, minmay_ruined_shrine
D:9:      layout_basic, uniq_erolcha
D:10:     layout_loops_corners, gammafunk_ghost_icy, serial_ice, serial_ice_b,
          serial_ice_c, serial_ice_h, serial_ice_d
D:11:     layout_long_grid, orc_0_dummy, serial_undead, serial_undead_a,
          serial_undead_a, serial_undead_a, serial_undead_e, serial_undead_c,
          serial_undead_d, serial_undead_e, serial_undead_e, special_room
          [special_room_bee], uniq_psyche
D:12:     layout_long_grid, gauntlet_entry_generic
D:13:     layout_cave_pools, basic_altar, serial_shops,
          nicolae_shop_overgrown_old_shop, serial_bayou_lake_a
D:14:     layout_roguey, david_vaults_2
D:15:     gammafunk_depths_entry_grave, layout_small_grid,
          lemuel_mausoleum_altar_yredelemnul
Lair:1:   gammafunk_indiana_jones, layout_misc_corridors,
          eino_small_chamber_without_monster, uniq_nergalle, uniq_gastronok
Lair:2:   layout_gridlike, uniq_urug
Lair:3:   layout_regular_city, minmay_shoals_entry_beasts,
          nicolae_volcano_entry_vermiform, beast_lair_carwin_10
Lair:4:   layout_regular_city, spider_nest_entry_funnel_web,
          roderic_carrion_pond, lemuel_fruit_tree
Lair:5:   layout_misc_corridors, ebering_ghost_reflecting_pool,
          serial_bayou_shore_a
Lair:6:   minmay_lair_end_enchanted_forest, layout_regular_city, slime_altar_1
Shoals:1: layout_shoals, overgrown_hall
Shoals:2: layout_shoals, uniq_polyphemus, uniq_ilsuiw
Spider:1: layout_spider_delve, uniq_aizul
Spider:2: layout_chambers, gammafunk_ghost_necromancy,
          hangedman_stitches_earthworm, nicolae_spider_cling_halls
Spider:3: layout_spider_delve
Spider:4: spider_rune_water, drop_trap
Orc:1:    cheibrodos_orc_guarddog, layout_diamond_mine
Orc:2:    grunt_orc_tribal_feast, layout_caves

Skill      XL: |  1  2  3  4  5  6  7  8  9 10 11 12 13 14 15 16 17 |
---------------+----------------------------------------------------+-----
Axes           | 4 5 6 7 8 9 12 17 18 | 18.1
Fighting       | 4 5 6 7 8 9 13 16 17 18 | 18.0
Dodging        | 2 3 4 5 7 |  7.6
Armour         | 6 9 15 17 18 19 | 19.1
Evocations     | 5 7 |  7.2
Maces & Flails | 10 14 | 14.7

Action                   |  1- 3 |  4- 6 |  7- 9 | 10-12 | 13-15 | 16-18 || total
-------------------------+-------+-------+-------+-------+-------+-------++-------
Melee: Hand axe          |    70 |   110 |   266 |   195 |       |       ||   641
       Headbutt          |     8 |    16 |    46 |   136 |   323 |   129 ||   658
       Flail             |       |       |       |   391 |       |       ||   391
       Whip              |       |       |       |    17 |    98 |       ||   115
       Dire flail        |       |       |       |       |  1090 |    83 ||  1173
       Kick              |       |       |       |       |   116 |       ||   116
       Battleaxe         |       |       |       |       |       |   396 ||   396
Throw: Stone             |    11 |       |       |    59 |     3 |       ||    73
       Dart              |     9 |     1 |     4 |    21 |   256 |    90 ||   381
       Boomerang         |       |    14 |    30 |    40 |       |       ||    84
Evoke: Wand              |       |       |    10 |    44 |    32 |    90 ||   176
       Tin of tremorston |       |       |       |     3 |     6 |     3 ||    12
       Condenser vane    |       |       |       |     2 |     4 |     3 ||     9
       Lightning rod     |       |       |       |       |    11 |       ||    11
       Phial of floods   |       |       |       |       |     3 |     1 ||     4
       Box of beasts     |       |       |       |       |     3 |     1 ||     4
       Phantom mirror    |       |       |       |       |     2 |     1 ||     3
  Use: Potion            |       |     2 |     3 |     7 |     7 |    25 ||    44
       Scroll            |       |    10 |     4 |     5 |    26 |    11 ||    56
 Stab: Paralysed         |       |       |     4 |     2 |       |       ||     6
       Petrified         |       |       |       |     4 |     2 |       ||     6
       Invisible         |       |       |       |     4 |     1 |       ||     5
       Confused          |       |       |       |     4 |     5 |     3 ||    12
Armor: Leather armour    |    28 |    38 |    31 |       |       |       ||    97
       Skin              |       |     3 |    12 |       |       |       ||    15
       Chain mail        |       |       |    80 |   274 |   372 |       ||   726
       Plate armour      |       |       |       |       |   375 |   541 ||   916
Dodge: Dodged            |    45 |    60 |    91 |   229 |   593 |   327 ||  1345
Block: Buckler           |       |     9 |    62 |   119 |       |       ||   190
